 Dungeon Crawl Stone Soup version 0.30-a0-1082-g70414cbcbb (webtiles) character file.

Game seed: 14973362830368413464

70 kae the Chopper (level 4, 0/39 HPs)
             Began as a Hill Orc Fighter on Apr 15, 2023.
             Slain by a gnoll
             ... wielding a +0 spear
              (1 damage)
             ... on level 3 of the Dungeon.
             The game lasted 00:01:46 (1503 turns).

kae the Chopper (Hill Orc Fighter)                  Turns: 1503, Time: 00:01:46

Health: 0/39       AC:  7    Str: 20    XL:     4   Next: 21%
Magic:  4/4        EV:  9    Int:  8    God:
Gold:   124        SH:  4    Dex: 10    Spells: 3/3 levels left

rFire   + . .      SeeInvis .    a - +0 war axe
rCold   . . .      Faith    .    c - +0 buckler
rNeg    . . .      Spirit   .    b - +1 scale mail
rPois   .          Reflect  .    (no helmet)
rElec   .          Rampage  .    (no cloak)
rCorr   .                        (no gloves)
Will    .....                    (no boots) Stlth
                                 i - amulet of magic regeneration
HPRegen 0.26/turn                F - ring of protection from fire
MPRegen 0.49/turn                (no ring)

@: attractive
A: no striking features
a: no special abilities


You were on level 3 of the Dungeon.
You visited 1 branch of the dungeon, and saw 3 of its levels.

You collected 124 gold pieces.


   Skills:
 - Level 3.6 Fighting
 + Level 5.8 Axes
 - Level 3.2 Armour
 - Level 3.2 Shields


You had 3 spell levels left.
You didn't know any spells.
Your spell library was empty.

Inventory:

Hand Weapons
 a - a +0 war axe (weapon)
Missiles
 e - 29 stones (quivered)
 j - 5 boomerangs
Armour
 b - a +1 scale mail (worn)
 c - a +0 buckler (worn)
Jewellery
 i - an amulet of magic regeneration (around neck)
   (You found it on level 1 of the Dungeon)
 F - a ring of protection from fire (left hand)
   (You found it on level 3 of the Dungeon)
Scrolls
 p - 2 scrolls of amnesia
Potions
 d - 2 potions of might
 f - a potion of lignification {unknown}
 h - a potion of degeneration {!q}
 k - a potion of curing {@q1}
 m - 2 potions of berserk rage {unknown}
 o - a potion of haste {unknown}
 s - a potion of flight {unknown}
 t - a potion of heal wounds {unknown}

Dungeon Overview and Level Annotations

Branches:
Dungeon (3/15) Zot: 16461

Altars:

#.......... .
#........... # ..
#............ . ...
#............ . ..
#.........##.#####.
#.#.........##.....<.
#..g)†......#........
#@......##........
##..............)†
#######$.#..#.#.<....
..............###....
##........###.#...##.
#...................
........)........###.
###....##.....##.....
.........#..#........


You could see a gnoll.


Message History

😕 HP[-2]
You take 2 damage, and now have 28/31 hp.
A kobold is nearby!
You miss the kobold. The kobold hits you with a +0 club.
You slash the kobold!
You kill the kobold!
Your Axes skill increases to level 5!
You see here a +0 club.
A gnoll comes into view. It is wielding a +0 flail.
You see here 17 gold pieces. 😎 HP[+3]
Your hp is fully restored (31).
A dart slug comes into view.
A gnoll comes into view. It is wielding a +0 club.
The dart slug launches a dart at you. The slug dart hits you.
There are monsters nearby! 😕 HP[-6]
You take 6 damage, and now have 25/31 hp.
A gnoll comes into view. It is wielding a +0 spear.
The gnoll shouts! x2
You block the gnoll's attack.
You hit the gnoll. The gnoll hits you with a +0 flail.
The dart slug launches a dart at you.
The slug dart hits you but does no damage.
A gnoll comes into view. It is wielding a +0 flail.
There are monsters nearby!
It was a potion of attraction.
You feel attractive to monsters. The gnoll hits you with a +0 flail.
The gnoll is attracted toward you.
The dart slug is attracted toward you. 😮 HP[-6]
You take 6 damage, and now have 19/31 hp.
Okay, then.
You are too injured to fight recklessly!
You are too injured to fight recklessly!
You are too injured to fight recklessly!
You are too injured to fight recklessly!
You are too injured to fight recklessly!
You are too injured to fight recklessly!
Unknown command.
You slash the gnoll!
You kill the gnoll!
You slash the gnoll! You hit the dart slug. The gnoll barely misses you.
The dart slug bites you but does no damage.
The gnoll is attracted toward you.
You barely miss the gnoll. You hit the gnoll. You hit the dart slug.
You kill the dart slug!
The gnoll completely misses you.
The gnoll closely misses you. x2 😮 HP[+1] Unknown command.
You hit the gnoll. You hit the gnoll but do no damage.
The gnoll barely misses you. The gnoll misses you.
The gnoll barely misses you. x3
The gnoll closely misses you.
You slash the gnoll! x2
You kill the gnoll!
The gnoll hits you but does no damage.
The gnoll hits you from afar with a +0 spear.
You have reached level 4! 😮 HP[+2] MP[+1]
You now have 39 max hp (+8).
You regained 2 hp, and now have 22/39 hp.
Your mp is fully restored (4).
You closely miss the gnoll. The gnoll hits you with a +0 flail.
You block the gnoll's attack. 😮 HP[-1]
You take 1 damage, and now have 21/39 hp.
You slash the gnoll!
You kill the gnoll!
The gnoll closely misses you.
The gnoll is attracted toward you. 😮 HP[+1]
You closely miss the gnoll. The gnoll hits you with a +0 spear.
* * * LOW HITPOINT WARNING * * *
The gnoll barely misses you. 😨 HP[-3]
You take 3 damage, and now have 19/39 hp.
You barely miss the gnoll. You block the gnoll's attack.
You barely miss the gnoll. The gnoll hits you with a +0 spear.
* * * LOW HITPOINT WARNING * * *
😨 HP[-2]
You take 2 damage, and now have 17/39 hp.
Unknown command.
You completely miss the gnoll. The gnoll hits you with a +0 spear.
* * * LOW HITPOINT WARNING * * *
😨 HP[-3]
You take 3 damage, and now have 14/39 hp.
You barely miss the gnoll. The gnoll barely misses you.
The gnoll hits you with a +0 spear!
* * * LOW HITPOINT WARNING * * *
😱 HP[-8]
You take 8 damage, and now have 6/39 hp.
MASSIVE DAMAGE!! (PAUSE)
You slash the gnoll! The gnoll misses you. 😱 HP[+1]
You barely miss the gnoll. The gnoll hits you with a +0 spear.
* * * LOW HITPOINT WARNING * * *
😱 HP[-6]
You take 6 damage, and now have 1/39 hp.
You hit the gnoll. The gnoll hits you with a +0 spear.
You die...

Skill      XL: |  1  2  3 |
---------------+----------+-----
Axes           | 3 4 5 |  5.8
Fighting       | |  3.6
Armour         | |  3.2
Shields        | |  3.2

Action                     |  1- 3 |  4- 6 || total
---------------------------+-------+-------++-------
  Melee: War axe           |    86 |    10 ||    96
    Use: Scroll            |     6 |       ||     6
         Potion            |     1 |       ||     1
 Armour: Scale mail        |    42 |       ||    42
  Dodge: Dodged            |    52 |     4 ||    56
  Block: Buckler           |    29 |     2 ||    31

Levels and vault maps discovered:
D:1:      lemuel_arrival_muddy, layout_loops_ring,
          dreamdust_ecumenical_altar_grove
D:2:      layout_loops_ring, hangedman_decor_clover_reticule
D:3:      layout_rooms, nemelex_xobeh_ov_fountains_minmay

Notes
Turn   | Place    | Note
-------+----------+-------------------------------------------
     0 | D:1      | kae the Hill Orc Fighter began the quest for the Orb.
     0 | D:1      | Reached XP level 1. HP: 19/19 MP: 1/1
     0 | D:1      | magus.rc [v1.11.3]
    61 | D:1      | Reached skill level 3 in Axes
   165 | D:1      | Reached XP level 2. HP: 26/26 MP: 2/2
   384 | D:1      | Found a faded altar of an unknown god.
   399 | D:1      | Reached skill level 4 in Axes
   890 | D:2      | Reached XP level 3. HP: 25/31 MP: 3/3
  1466 | D:3      | Reached skill level 5 in Axes
  1494 | D:3      | Reached XP level 4. HP: 22/39 MP: 4/4
  1500 | D:3      | HP: 6/39 [gnoll/+0 spear (8)]
  1502 | D:3      | HP: 1/39 [gnoll/+0 spear (6)]
  1503 | D:3      | Slain by a gnoll

Vanquished Creatures
  3 gnolls (D:3)
  A dart slug (D:3)
  2 endoplasms (D:1)
  A giant cockroach (D:2)
  3 goblins (D:1)
  4 hobgoblins
  7 jackals (D:2)
  2 quokkas
  3 ball pythons
  3 bats
  A frilled lizard (D:1)
  3 kobolds
  3 rats
36 creatures vanquished.

Vanquished Creatures (others)
  2 fungi (D:1)
  2 plants (D:1)
4 creatures vanquished.

Grand Total: 40 creatures vanquished

Table legend:
 A = Non-vault XP
 B = Vault XP
 C = Vault XP percentage of total XP
 D = Non-vault monster count
 E = Vault monster count
 F = Vault count percentage of total count
                 A         B        C        D         E       F
            +---------+---------+-------+---------+---------+-------
      Total |     100 |       0 |   0.0 |      36 |       0 |   0.0
            +---------+---------+-------+---------+---------+-------
        D:1 |      24 |       0 |   0.0 |      15 |       0 |   0.0
        D:2 |      23 |       0 |   0.0 |      13 |       0 |   0.0
        D:3 |      53 |       0 |   0.0 |       8 |       0 |   0.0
            +---------+---------+-------+---------+---------+-------

Illustrated notes

Table legend:
 A = Kills in this place as a percentage of kills in the entire game.
 B = Kills by you in this place as a percentage of kills by you in the entire game.
 C = Kills by friends in this place as a percentage of kills by friends in the entire game.
 D = Other kills in this place as a percentage of other kills in the entire game.
 E = Experience gained in this place as a percentage of experience gained in the entire game.
 F = Experience gained in this place divided by the number of levels of this place that you have seen.
                   A       B       C       D       E      F
               +-------+-------+-------+-------+-------+----------------------
         Total | 100.0 | 100.0 |   N/A |   N/A | 100.0 |  33.3
       Dungeon | 100.0 | 100.0 |   N/A |   N/A | 100.0 |  33.3
               +-------+-------+-------+-------+-------+----------------------

Table legend: (Time is in decaauts)
 A = Elapsed time spent in this place.
 B = Non-inter-level travel time spent in this place.
 C = Inter-level travel time spent in this place.
 D = Time resting spent in this place.
 E = Time spent auto-exploring this place.
 F = Levels seen in this place.
 G = Mean time per level.
                   A        B        C        D        E       F      G
               +--------+--------+--------+--------+--------+-----+--------+
         Total |   1537 |   1507 |     30 |      0 |   1260 |   3 |  512.3 |
       Dungeon |   1537 |   1507 |     30 |      0 |   1260 |   3 |  512.3 |
               +--------+--------+--------+--------+--------+-----+--------+

Top non-repeatable levels by time:
     D:1: 772 daAuts
     D:2: 681 daAuts
     D:3: 84 daAuts
